 Dungeon Crawl Stone Soup version 0.31-a0-38-g1548c4f2a5 (webtiles) character file.

Game seed: 9146346949141973897

3476 pk666 the Thaumaturge (level 9, 0/45 HPs)
             Began as a Deep Elf Fire Elementalist on May 16, 2023.
             Was a Follower of Vehumet.
             Killed from afar by Maggie (35 damage)
             ... with a bolt of fire
             ... on level 7 of the Dungeon.
             The game lasted 00:16:28 (8018 turns).

pk666 the Thaumaturge (Deep Elf Fire Elementalist)  Turns: 8018, Time: 00:16:28

Health: 0/45       AC:  2    Str:  5    XL:     9   Next: 79%
Magic:  15/24      EV: 16    Int: 25    God:    Vehumet [*.....]
Gold:   269        SH:  5    Dex: 15    Spells: 20/27 levels left

rFire   . . .        G - +0 dagger (venom)
rCold   . . .        (no shield)
rNeg    . . .        a - +0 robe
rPois   +            (no helmet)
rElec   .            (no cloak)
rCorr   .            (no gloves)
SInv    +            (no boots)
Will    .....        i - amulet of reflection
Stlth   ++           C - ring of see invisible
HPRegen 0.27/turn    y - ring of poison resistance
MPRegen 0.19/turn

%: reflection
@: mesmerised, studying Staves
A: no striking features
a: Renounce Religion


You were on level 7 of the Dungeon.
You worshipped Vehumet.
Vehumet was aware of your devotion.
You visited 2 branches of the dungeon, and saw 8 of its levels.

You collected 395 gold pieces.
You spent 126 gold pieces at shops.

Inventory:

Hand Weapons
 G - a +0 dagger of venom (weapon)
Armour
 a - a +0 robe (worn)
Jewellery
 i - an amulet of reflection (around neck)
 q - a ring of protection from cold
 r - a +6 ring of dexterity
 s - a ring of fire
 y - a ring of poison resistance (right hand)
 C - a ring of see invisible (left hand)
Wands
 t - a wand of flame (60)
 x - a wand of mindburst (16)
 F - a wand of acid (10)
Scrolls
 c - 5 scrolls of identify
 d - 3 scrolls of noise {unknown}
 f - 4 scrolls of teleportation {unknown}
 g - a scroll of silence {unknown}
 j - a scroll of enchant weapon {unknown}
 o - 2 scrolls of fear {unknown}
 p - a scroll of poison {unknown}
 u - 2 scrolls of blinking {unknown}
 w - a scroll of enchant armour {unknown}
 A - 2 scrolls of amnesia {unknown}
 E - a scroll of magic mapping {unknown}
Potions
 b - a potion of magic
 e - a potion of haste {unknown}
 h - 3 potions of resistance
 k - 2 potions of might
 l - 4 potions of heal wounds {unknown}
 m - 5 potions of curing
 n - a potion of lignification
 v - a potion of degeneration {unknown}
 z - 2 potions of brilliance {unknown}
 B - a potion of invisibility {unknown}
 D - a potion of flight {unknown}
 H - a potion of berserk rage {unknown}


   Skills:
 + Level 8.7 Dodging
 - Level 2.4 Stealth
 + Level 9.6 Spellcasting
 + Level 7.7 Conjurations
 + Level 8.3 Fire Magic


You had 20 spell levels left.
You knew the following spells:

 Your Spells              Type           Power      Damage    Failure   Level
a - Foxfire               Conj/Fire      100%       2x1d9     1%          1
b - Scorch                Fire           100%       2d9       1%          2
c - Flame Wave            Conj/Fire      51%        2d13      1%          4

Your spell library contained the following spells:

 Spells                   Type           Power      Damage    Failure   Level
 Freeze                   Ice            48%        1d6       4%          1
 Inner Flame              Hex/Fire       33%        N/A       2%          3
 Volatile Blastmotes      Fire/Tloc      66%        2d15      2%          3
 Lesser Beckoning         Tloc           24%        N/A       8%          2
 Gell's Gravitas          Tloc           12%        N/A       16%         3
 Teleport Other           Tloc           12%        N/A       16%         3
 Tukima's Dance           Hex            12%        N/A       16%         3
 Animate Dead             Necr           12%        N/A       45%         4
 Olgreb's Toxic Radiance  Pois           12%        N/A       45%         4
 Passage of Golubria      Tloc           12%        N/A       45%         4
 Summon Forest            Summ/Tloc      6%         N/A       80%         5
 Yara's Violent Unravell  Hex/Tmut       6%         3d5       80%         5
 Eringya's Noxious Bog    Tmut/Pois      6%         N/A       100%        6
 Haunt                    Necr/Summ      6%         N/A       100%        7
 Summon Hydra             Summ           6%         N/A       100%        7
 Discord                  Hex            6%         N/A       100%        8
 Ignition                 Fire           26%        3d9       100%        8
 Infestation              Necr           6%         N/A       100%        8


Dungeon Overview and Level Annotations

Branches:
Dungeon (7/15)             Temple (1/1) D:5

Altars:
Ashenzari
Cheibriados
Elyvilon
Fedhas
Gozag
Hepliaklqana
Kikubaaqudgha
Makhleb
Nemelex Xobeh
Okawaru
Qazlal
Ru
Sif Muna
Trog
Uskayaw
Vehumet
Wu Jian
Xom
Yredelemnul
Zin
The Shining One

Shops:
D:3 !   D:4 :

Annotations:
D:7 Dowan, Duvessa, Maggie


Message History

You now have 269 gold pieces (gained 17).
c - 5 scrolls of identify (gained 1) Maggie the Vainglorious comes into view.
She is wielding a +1 halberd of venom.
Maggie shouts!
Maggie is nearby!
You can't see any susceptible monsters within range! (Use Z to cast anyway.)
Casting: Scorch (safe; 1% risk of failure)
Confirm with . or Enter, or press ? or * to list all spells.
You conjure some foxfire!
Maggie gestures wildly while chanting.
Maggie attempts to bespell you!
You are mesmerised by Maggie!
The foxfire hits Maggie.
Maggie is lightly wounded.
Maggie casts a spell.
Maggie draws you further into her thrall.
Casting: Foxfire (safe; 1% risk of failure)
Confirm with . or Enter, or press ? or * to list all spells.
You conjure some foxfire!
Your foxfire dissipates!
The foxfire hits Maggie!
Maggie is lightly wounded.
The foxfire hits Maggie.
Maggie is moderately wounded.
Flames lash Maggie.
Maggie is moderately wounded.
Maggie's fire resistance burns away.
Maggie hits you from afar with a +1 halberd of venom!
Flames lash Maggie.
Maggie is burned terribly!
Maggie is heavily wounded.
Maggie misses you.
Flames lash Maggie.
Maggie is burned terribly!
Maggie is severely wounded.
Maggie closely misses you.
Flames lash Maggie.
Maggie is burned terribly!
Maggie is almost dead.
Maggie casts a spell at you. The bolt of fire hits you!!
Ouch! That really hurt!
You die...

.......##.........#.........
.......##.>.......#.^.......
#.......#.........#........[
#....#..#.........#.........
#....#.......####.#..)......
......#........(..')))...)..
......'..##@.######.........
.....#>....................
........##@################
.......###......##......# #
....... #.#............# #
###.... #.#............#
####. ####............#
..#............(...#
#.#########......###
#.....†#.. #......'..


You could see Maggie (mesmerising, combustible).

Vanquished Creatures
  Pikel (D:7)
  A hornet (D:7)
  Sigmund (D:4)
  Menkaure (D:4)
  A sky beast (D:6)
  3 ice beasts
  An orc warrior (D:6)
  2 black bears (D:4)
  4 ogres
  A centaur (D:6)
  4 lemures (D:7)
  4 phantoms
  A bullfrog (D:6)
  5 wights
  A killer bee (D:5)
  A howler monkey (D:7)
  2 hounds (D:6)
  A jelly (D:6)
  An orc priest (D:4)
  2 gnoll boudas (D:7)
  2 iguanas
  A sleepcap (D:6)
  7 orc wizards
  Robin (D:4)
  11 gnolls
  14 adders
  An ufetubus (D:5)
  A worm (D:2)
  2 dart slugs
  8 orcs
  6 bats
  5 endoplasms
  3 giant cockroaches
  7 hobgoblins
  7 jackals
  5 kobolds
  8 quokkas
  6 ball pythons
  A frilled lizard (D:2)
  13 goblins
  9 rats
156 creatures vanquished.

Vanquished Creatures (others)
  393 foxfires
393 creatures vanquished.

Grand Total: 549 creatures vanquished

Notes
Turn   | Place    | Note
-------+----------+-------------------------------------------
     0 | D:1      | pk666 the Deep Elf Fire Elementalist began the quest for
                  | the Orb.
     0 | D:1      | Reached XP level 1. HP: 10/10 MP: 6/6
   160 | D:1      | Found a faded altar of an unknown god.
   359 | D:1      | Reached XP level 2. HP: 15/15 MP: 5/8
   362 | D:1      | Learned a level 2 spell: Scorch
  1300 | D:2      | Reached XP level 3. HP: 19/19 MP: 6/10
  1924 | D:2      | Identified the +5 ring mail "Hitwul" {rN+}
  2287 | D:2      | Reached XP level 4. HP: 24/24 MP: 6/11
  2752 | D:3      | Reached skill level 4 in Spellcasting
  2839 | D:3      | Found Mautuo's Distillery.
  2883 | D:3      | Bought 2 potions of curing for 84 gold pieces
  2883 | D:3      | Bought a potion of lignification for 42 gold pieces
  2973 | D:3      | Learned a level 4 spell: Flame Wave
  3543 | D:4      | Noticed an ogre
  3551 | D:4      | Killed an ogre
  3552 | D:4      | Reached XP level 5. HP: 28/28 MP: 7/14
  3761 | D:4      | Found a stormy altar of Qazlal.
  3924 | D:4      | Reached XP level 6. HP: 32/32 MP: 9/15
  4001 | D:4      | Reached skill level 5 in Spellcasting
  4002 | D:4      | Noticed Robin
  4009 | D:4      | Killed Robin
  4132 | D:4      | Noticed Sigmund
  4140 | D:4      | Killed Sigmund
  4141 | D:4      | Reached skill level 5 in Fire Magic
  4214 | D:4      | Reached skill level 5 in Dodging
  4214 | D:4      | Reached XP level 7. HP: 36/36 MP: 13/17
  4290 | D:4      | Noticed Menkaure
  4295 | D:4      | Killed Menkaure
  4296 | D:4      | Reached skill level 6 in Spellcasting
  4329 | D:4      | Found Obrust Ritaa's Book Shoppe.
  4627 | D:5      | Entered Level 5 of the Dungeon
  4924 | D:5      | Found a staircase to the Ecumenical Temple.
  4991 | D:5      | Reached skill level 5 in Conjurations
  5107 | D:5      | Reached XP level 8. HP: 41/41 MP: 12/20
  5308 | D:5      | Reached skill level 7 in Spellcasting
  5384 | Temple   | Entered the Ecumenical Temple
  6058 | D:6      | Found a radiant altar of Vehumet.
  6086 | D:6      | Became a worshipper of Vehumet
  6307 | D:6      | Reached skill level 8 in Spellcasting
  6505 | D:6      | Reached XP level 9. HP: 45/45 MP: 17/23
  6815 | D:6      | Found an ancient bone altar of Kikubaaqudgha.
  7174 | D:7      | Noticed Duvessa
  7174 | D:7      | Noticed Dowan
  7379 | D:7      | Found a glowing silver altar of Zin.
  7432 | D:7      | Reached skill level 9 in Spellcasting
  7621 | D:7      | Reached * piety under Vehumet
  7621 | D:7      | Offered knowledge of Freeze by Vehumet.
  7825 | D:7      | Noticed Pikel
  7851 | D:7      | Killed Pikel
  8010 | D:7      | Noticed Maggie
  8018 | D:7      | Killed from afar by Maggie

Illustrated notes

Levels and vault maps discovered:
D:1:      wander_arrival_desolate, layout_loops_ring,
          ebering_ecumenical_altar_box
D:2:      layout_basic
D:3:      layout_basic, serial_shops, nicolae_shop_waterfront
D:4:      layout_cave_pods, kennysheep_mini_moat, serial_shops, shop,
          uniq_sigmund, uniq_robin, uniq_menkaure
D:5:      layout_cave_pools, temple_pool_b, eino_small_chamber_without_monster,
          minmay_manual_maat
D:6:      layout_rooms, mainiacjoe_overflow_cross_hatched,
          vehumet_altar_wand_db, minmay_misc_feat_tiny
D:7:      layout_basic, zin_academy, uniq_pikel, uniq_duvessa, uniq_maggie,
          uniq_joseph
Temple:   minmay_crystal_spiral_temple

Skill      XL: |  1  2  3  4  5  6  7  8  9 |
---------------+----------------------------+-----
Dodging        | 3 4 5 6 7 8 |  8.7
Conjurations   | 2 3 4 5 6 7 |  7.7
Spellcasting   | 4 5 6 8 9 |  9.6
Fire Magic     | 4 5 6 7 8 |  8.3
Stealth        | |  2.4

Action                     |  1- 3 |  4- 6 |  7- 9 || total
---------------------------+-------+-------+-------++-------
  Melee: Unarmed           |     5 |       |       ||     5
   Cast: Foxfire           |    74 |    79 |    76 ||   229
         Scorch            |    13 |     6 |   103 ||   122
         Flame Wave        |       |       |     6 ||     6
    Use: Scroll            |       |       |     1 ||     1
 Armour: Robe              |       |     1 |     1 ||     2
  Dodge: Dodged            |     6 |     1 |    30 ||    37
  Block: Other             |       |     1 |    10 ||    11

Table legend: (Time is in decaauts)
 A = Elapsed time spent in this place.
 B = Non-inter-level travel time spent in this place.
 C = Inter-level travel time spent in this place.
 D = Time resting spent in this place.
 E = Time spent auto-exploring this place.
 F = Levels seen in this place.
 G = Mean time per level.
                   A        B        C        D        E       F      G
               +--------+--------+--------+--------+--------+-----+--------+
         Total |   8017 |   7742 |    275 |   1269 |   5428 |   8 | 1002.1 |
       Dungeon |   7800 |   7608 |    192 |   1269 |   5310 |   7 | 1114.3 |
        Temple |    217 |    134 |     83 |      0 |    118 |   1 |  217.0 |
               +--------+--------+--------+--------+--------+-----+--------+

Top non-repeatable levels by time:
     D:2: 1395 daAuts
     D:4: 1366 daAuts
     D:1: 1163 daAuts
     D:6: 1096 daAuts
     D:5: 984 daAuts
     D:3: 944 daAuts
     D:7: 850 daAuts
  Temple: 217 daAuts
